[ AOE2 MATCH · #482085094 ]
UnrankedFranks vs Saracens
Player's team · LOSS
Rival team · WIN
[ REPLAY ANALYSIS · EXTRACTED FROM THE RECORDED GAME ]
Feudal
11:04
Castle
19:54
Imperial
36:45
| APM avg | 28.3 |
| APM peak | 74 |
| eAPM avg | 10.3 |
| Villagers / military | 65 / 52 |
Focus
⚔️ 43.8% · 🌾 56.2%
Knight ×26 · Archer ×18 · Scout Cavalry ×3 · Trebuchet (Packed) ×3 · Monk ×2
Feudal
10:31
Castle
15:48
Imperial
35:15
| APM avg | 35.0 |
| APM peak | 75 |
| eAPM avg | 20.8 |
| Villagers / military | 135 / 104 |
Focus
⚔️ 30.6% · 🌾 69.4%
Mameluke ×68 · Camel Scout ×28 · Trebuchet (Packed) ×7 · Monk ×1
Match map
Initial resources + every placement click. Lines = walls · curves = elevation contours. ◆ gold · ⬟ stone · ● berries · ✦ relic · ◌ wall gap
Your base· Open — unwalled flank
krey's base· ✓ Closed at 15:48 · 49t walls · 1 gate(s)
Smoothed initial terrain · ◌ = detected wall gap · hover for details
Inputs per minute
— YMontana - - krey
Build order — YMontana
First 150 of 204 actions detected
| 0:02 | Build | House |
| 0:05 | Build | House |
| 0:06 | Create | Villager (Male) |
| 0:06 | Create | Villager (Male) |
| 0:06 | Create | Villager (Male) |
| 0:07 | Create | Villager (Male) |
| 0:07 | Create | Villager (Male) |
| 1:37 | Create | Villager (Male) |
| 1:38 | Create | Villager (Male) |
| 2:34 | Create | Villager (Male) |
| 2:35 | Create | Villager (Male) |
| 2:35 | Create | Villager (Male) |
| 2:41 | Build | Lumber Camp |
| 4:06 | Create | Villager (Male) |
| 4:06 | Create | Villager (Male) |
| 4:06 | Create | Villager (Male) |
| 4:07 | Create | Villager (Male) |
| 4:07 | Create | Villager (Male) |
| 4:56 | Create | Villager (Male) |
| 4:57 | Create | Villager (Male) |
| 5:06 | Build | House |
| 5:49 | Build | Mill |
| 5:58 | Build | Mill |
| 6:22 | Create | Villager (Male) |
| 6:22 | Create | Villager (Male) |
| 6:23 | Create | Villager (Male) |
| 6:23 | Create | Villager (Male) |
| 6:28 | Research | Loom |
| 7:55 | Build | House |
| 8:54 | Research | Feudal Age |
| 9:33 | Build | Mining Camp |
| 9:44 | Build | Mining Camp |
| 9:47 | Create | Villager (Male) |
| 9:58 | Build | House |
| 11:04 | Age | Feudal Age |
| 11:10 | Research | Double-Bit Axe |
| 11:11 | Create | Villager (Male) |
| 11:12 | Create | Villager (Male) |
| 11:12 | Create | Villager (Male) |
| 11:12 | Create | Villager (Male) |
| 11:27 | Build | Barracks |
| 11:35 | Build | Blacksmith |
| 11:43 | Create | Villager (Male) |
| 12:21 | Build | Farm |
| 12:33 | Build | House |
| 12:42 | Build | Stable |
| 12:56 | Build | Farm |
| 13:43 | Create | Scout Cavalry |
| 13:44 | Create | Scout Cavalry |
| 13:44 | Create | Scout Cavalry |
| 14:03 | Build | Farm |
| 14:12 | Build | Farm |
| 14:33 | Build | Farm |
| 14:38 | Build | Farm |
| 14:38 | Build | Farm |
| 14:39 | Build | Farm |
| 15:00 | Build | Farm |
| 15:17 | Build | Farm |
| 15:39 | Build | Farm |
| 16:35 | Build | Archery Range |
| 17:14 | Research | Castle Age |
| 17:41 | Build | Archery Range |
| 18:05 | Build | Farm |
| 18:05 | Build | Farm |
| 19:28 | Build | Blacksmith |
| 19:54 | Age | Castle Age |
| 20:02 | Build | Town Center |
| 20:06 | Create | Archer |
| 20:07 | Create | Archer |
| 20:07 | Create | Archer |
| 20:14 | Build | House |
| 20:34 | Create | Villager (Male) |
| 20:35 | Create | Villager (Male) |
| 20:35 | Create | Villager (Male) |
| 20:35 | Create | Villager (Male) |
| 20:59 | Research | Bow Saw |
| 21:04 | Create | Villager (Male) |
| 21:25 | Create | Villager (Male) |
| 21:35 | Build | Monastery |
| 21:53 | Build | Farm |
| 21:55 | Create | Villager (Male) |
| 21:55 | Create | Villager (Male) |
| 21:56 | Create | Villager (Male) |
| 21:56 | Create | Villager (Male) |
| 21:58 | Create | Villager (Male) |
| 21:59 | Create | Villager (Male) |
| 21:59 | Create | Villager (Male) |
| 21:59 | Create | Villager (Male) |
| 21:59 | Create | Villager (Male) |
| 22:25 | Create | Monk |
| 22:50 | Build | House |
| 22:53 | Build | House |
| 22:54 | Build | House |
| 22:56 | Build | House |
| 22:57 | Build | House |
| 23:17 | Build | Mining Camp |
| 23:21 | Research | Crossbowman (upgrade) |
| 23:22 | Create | Archer |
| 23:22 | Create | Archer |
| 23:23 | Create | Archer |
| 23:23 | Create | Archer |
| 24:38 | Create | Knight |
| 24:38 | Create | Knight |
| 24:57 | Create | Villager (Male) |
| 24:57 | Create | Villager (Male) |
| 24:57 | Create | Villager (Male) |
| 24:58 | Create | Villager (Male) |
| 25:06 | Build | House |
| 25:07 | Build | House |
| 25:08 | Build | House |
| 25:10 | Build | House |
| 25:28 | Create | Knight |
| 25:29 | Create | Knight |
| 25:29 | Create | Knight |
| 26:14 | Build | Farm |
| 26:14 | Build | Farm |
| 26:14 | Build | Farm |
| 26:15 | Build | Farm |
| 26:19 | Create | Villager (Male) |
| 26:40 | Create | Villager (Male) |
| 26:41 | Create | Villager (Male) |
| 26:55 | Research | Scale Barding Armor |
| 27:02 | Create | Knight |
| 27:03 | Create | Knight |
| 27:03 | Create | Knight |
| 27:17 | Build | Farm |
| 27:22 | Create | Villager (Male) |
| 27:22 | Create | Villager (Male) |
| 27:23 | Create | Villager (Male) |
| 27:23 | Create | Villager (Male) |
| 27:23 | Create | Villager (Male) |
| 27:23 | Create | Villager (Male) |
| 27:31 | Build | Farm |
| 27:39 | Build | Farm |
| 28:02 | Create | Archer |
| 28:02 | Create | Archer |
| 28:03 | Create | Archer |
| 28:03 | Create | Archer |
| 29:20 | Create | Monk |
| 30:11 | Build | Siege Workshop |
| 31:14 | Create | Knight |
| 31:14 | Create | Knight |
| 31:14 | Create | Knight |
| 31:14 | Create | Knight |
| 31:15 | Create | Knight |
| 32:31 | Build | Castle |
| 32:39 | Build | Farm |
| 33:13 | Build | House |
| 33:35 | Research | Imperial Age |
| 33:42 | Create | Knight |
Build order — krey
First 150 of 411 actions detected
| 0:00 | Create | Villager (Male) |
| 0:01 | Create | Villager (Male) |
| 0:04 | Build | House |
| 0:05 | Build | House |
| 0:12 | Create | Villager (Male) |
| 0:12 | Create | Villager (Male) |
| 1:31 | Create | Villager (Male) |
| 1:31 | Create | Villager (Male) |
| 1:52 | Build | Lumber Camp |
| 1:59 | Create | Villager (Male) |
| 1:59 | Create | Villager (Male) |
| 2:15 | Create | Villager (Male) |
| 2:54 | Create | Villager (Male) |
| 2:55 | Create | Villager (Male) |
| 2:57 | Create | Villager (Male) |
| 2:57 | Create | Villager (Male) |
| 3:15 | Build | House |
| 3:17 | Build | House |
| 3:27 | Create | Villager (Male) |
| 3:27 | Create | Villager (Male) |
| 3:52 | Create | Villager (Male) |
| 3:53 | Create | Villager (Male) |
| 4:30 | Create | Villager (Male) |
| 4:30 | Create | Villager (Male) |
| 5:00 | Create | Villager (Male) |
| 5:01 | Create | Villager (Male) |
| 5:01 | Create | Villager (Male) |
| 5:01 | Create | Villager (Male) |
| 5:14 | Build | Mill |
| 5:43 | Create | Villager (Male) |
| 5:43 | Create | Villager (Male) |
| 5:44 | Create | Villager (Male) |
| 6:32 | Create | Villager (Male) |
| 6:32 | Create | Villager (Male) |
| 7:12 | Build | House |
| 7:14 | Create | Villager (Male) |
| 7:14 | Create | Villager (Male) |
| 7:34 | Build | Mining Camp |
| 7:57 | Build | Palisade Wall |
| 8:00 | Build | Palisade Wall |
| 8:05 | Create | Villager (Male) |
| 8:09 | Research | Feudal Age |
| 8:09 | Research | Feudal Age |
| 8:34 | Build | Palisade Wall |
| 8:47 | Create | Villager (Male) |
| 8:48 | Create | Villager (Male) |
| 9:41 | Build | House |
| 10:04 | Build | Mill |
| 10:27 | Build | Palisade Wall |
| 10:31 | Age | Feudal Age |
| 10:38 | Build | Market |
| 10:43 | Build | Blacksmith |
| 11:01 | Create | Villager (Male) |
| 11:01 | Create | Villager (Male) |
| 11:09 | Build | Palisade Wall |
| 11:25 | Build | Farm |
| 11:26 | Build | Farm |
| 11:38 | Build | Palisade Wall |
| 11:58 | Build | Farm |
| 12:01 | Create | Villager (Male) |
| 12:32 | Build | Farm |
| 12:34 | Build | Farm |
| 12:35 | Create | Villager (Male) |
| 13:08 | Research | Castle Age |
| 13:08 | Research | Castle Age |
| 14:05 | Build | Lumber Camp |
| 14:23 | Build | Palisade Wall |
| 14:30 | Build | Palisade Wall |
| 14:33 | Build | Palisade Wall |
| 14:40 | Build | Palisade Gate |
| 14:45 | Research | Double-Bit Axe |
| 14:49 | Research | Stone Mining |
| 15:01 | Research | Horse Collar |
| 15:01 | Research | Horse Collar |
| 15:06 | Create | Villager (Male) |
| 15:06 | Create | Villager (Male) |
| 15:41 | Create | Villager (Male) |
| 15:41 | Create | Villager (Male) |
| 15:48 | Age | Castle Age |
| 15:51 | Build | Town Center |
| 16:21 | Research | Bow Saw |
| 16:35 | Build | House |
| 16:36 | Build | House |
| 16:39 | Build | House |
| 17:03 | Create | Villager (Male) |
| 17:05 | Build | Farm |
| 17:06 | Build | Farm |
| 17:07 | Build | Farm |
| 17:32 | Build | Farm |
| 17:33 | Build | Farm |
| 17:34 | Build | Farm |
| 17:47 | Build | Stone Wall |
| 18:06 | Build | Stone Wall |
| 18:15 | Build | Farm |
| 18:16 | Build | Farm |
| 18:17 | Build | Farm |
| 18:24 | Create | Villager (Male) |
| 18:25 | Create | Villager (Male) |
| 18:25 | Create | Villager (Male) |
| 18:37 | Build | Farm |
| 18:40 | Create | Villager (Male) |
| 18:40 | Create | Villager (Male) |
| 19:01 | Build | Castle |
| 19:05 | Create | Villager (Male) |
| 19:05 | Create | Villager (Male) |
| 19:23 | Build | Monastery |
| 19:29 | Create | Villager (Male) |
| 19:43 | Create | Villager (Male) |
| 19:45 | Create | Villager (Male) |
| 19:45 | Create | Villager (Male) |
| 20:03 | Build | Gate |
| 20:15 | Create | Villager (Male) |
| 20:15 | Create | Villager (Male) |
| 20:43 | Create | Mameluke |
| 20:44 | Create | Mameluke |
| 20:47 | Create | Villager (Male) |
| 20:52 | Build | Farm |
| 20:56 | Build | Farm |
| 21:03 | Create | Villager (Male) |
| 21:04 | Create | Villager (Male) |
| 21:12 | Build | Town Center |
| 21:20 | Build | Farm |
| 21:21 | Build | Farm |
| 21:22 | Build | Farm |
| 21:23 | Build | Farm |
| 21:28 | Build | Farm |
| 21:30 | Create | Villager (Male) |
| 21:33 | Research | Wheelbarrow |
| 21:33 | Research | Wheelbarrow |
| 21:40 | Build | Farm |
| 21:46 | Build | House |
| 21:59 | Research | Gold Mining |
| 22:04 | Create | Monk |
| 22:24 | Create | Villager (Male) |
| 22:24 | Create | Villager (Male) |
| 22:25 | Create | Villager (Male) |
| 22:25 | Create | Villager (Male) |
| 22:35 | Create | Villager (Male) |
| 22:39 | Build | Farm |
| 22:39 | Build | Farm |
| 22:39 | Build | Farm |
| 22:39 | Build | Farm |
| 22:40 | Build | Farm |
| 22:40 | Build | Farm |
| 22:40 | Build | Farm |
| 22:40 | Build | Farm |
| 22:42 | Create | Villager (Male) |
| 22:42 | Create | Villager (Male) |
| 23:00 | Build | Mill |
| 23:07 | Create | Villager (Male) |
Match timeline
| 7:57 | krey · wall_segment Palisade Wall x11 |
| 8:00 | krey · wall_segment Palisade Wall x10 |
| 8:34 | krey · wall_segment Palisade Wall x12 |
| 10:27 | krey · wall_segment Palisade Wall x2 |
| 10:31 | krey · age_up feudal |
| 11:04 | YMontana · age_up feudal |
| 11:09 | krey · wall_segment Palisade Wall x1 |
| 11:27 | YMontana · first_building Barracks |
| 11:38 | krey · wall_segment Palisade Wall x1 |
| 11:48 | krey · first_market_sell 100 stone |
| 12:23 | krey · first_market_buy 100 food |
| 12:42 | YMontana · first_building Stable |
| 14:23 | krey · wall_segment Palisade Wall x1 |
| 14:30 | krey · wall_segment Palisade Wall x6 |
| 14:33 | krey · wall_segment Palisade Wall x8 |
| 15:48 | krey · age_up castle |
| 16:35 | YMontana · first_building Archery Range |
| 17:47 | krey · wall_segment Stone Wall x4 |
| 18:06 | krey · wall_segment Stone Wall x2 |
| 19:01 | krey · first_building Castle |
| 19:23 | krey · first_building Monastery |
| 19:54 | YMontana · age_up castle |
| 21:35 | YMontana · first_building Monastery |
| 25:30 | krey · first_building Barracks |
| 26:47 | krey · first_building Stable |
| 30:11 | YMontana · first_building Siege Workshop |
| 32:31 | YMontana · first_building Castle |
| 34:06 | YMontana · wall_segment Stone Wall x12 |
| 35:15 | krey · age_up imperial |
| 35:36 | YMontana · wall_segment Stone Wall x1 |
| 36:44 | YMontana · wall_segment Stone Wall x18 |
| 36:45 | YMontana · age_up imperial |
| 37:55 | YMontana · wall_segment Stone Wall x16 |
| 41:37 | YMontana · resign |
[ AI ANALYSIS · 1 CREDIT ]
What really happened in this match?
Wolo.gg analyzes every decision: build order, eco, micro, common mistakes by bracket. Personalized analysis on WhatsApp or Discord in 30 seconds.
Civ guide
Franks
Perfil
Jugador #24216660